 Dungeon Crawl Stone Soup version 0.26.1-11-gd32895ea62 (webtiles) character file.

Game seed: 7945797850934056133

242 Descartes the Ruffian (level 5, -1/46 HPs)
             Began as a Troll Chaos Knight on May 23, 2021.
             Was a Plaything of Xom.
             Slain by an orc
             ... wielding a cursed -1 short sword
              (4 damage)
             ... on level 3 of the Dungeon.
             The game lasted 00:02:48 (1624 turns).

Descartes the Ruffian (Troll Chaos Knight)          Turns: 1624, Time: 00:02:48

Health: -1/46      AC: 12    Str: 20      XL:     5   Next: 82%
Magic:  4/4        EV: 11    Int:  6 (8)  God:    Xom [......]
Gold:   122        SH:  0    Dex: 10      Spells: 4/4 levels left

rFire    . . .     SeeInvis .     - Unarmed
rCold    . . .     Faith    .   (no shield)
rNeg     . . .     Spirit   .   a - +2 robe
rPois    .         Reflect  .   (helmet restricted)
rElec    .         Harm     .   e - +0 cloak
rCorr    .         Rampage  .   (gloves unavailable)
Will     .....                  (boots unavailable)
Stlth    +.........             (no amulet)
HPRegen  0.55/turn              (no ring)
MPRegen  0.09/turn              (no ring)

@: confused
A: large, unfitting armour, claws 3, horns 1, iridescent scales 1, rugged brown
scales 1, blurry vision 1, deterioration 1, frail 1, regeneration 1, screaming
2, shaggy fur 1, tough skin 3
a: Renounce Religion


You were on level 3 of the Dungeon.
You worshipped Xom.
You were a very special plaything of Xom.
You visited 1 branch of the dungeon, and saw 3 of its levels.

You collected 122 gold pieces.

Inventory:

Missiles
 d - 37 stones (quivered)
Armour
 a - a +2 robe (worn)
 e - a +0 cloak (worn)
Jewellery
 f - an uncursed amulet of guardian spirit {unknown}
 i - an uncursed ring of stealth {unknown}
Scrolls
 b - a scroll of teleportation {unknown}
 c - a scroll of remove curse {unknown}
 h - 3 scrolls of identify {unknown}
Potions
 g - a potion of brilliance {unknown}
 j - 3 potions of curing {unknown}


   Skills:
 - Level 2.4 Fighting
 + Level 3.9 Dodging
 + Level 5.1 Unarmed Combat


You had 4 spell levels left.
You didn't know any spells.
Your spell library was empty.

Dungeon Overview and Level Annotations

Branches:
Dungeon (3/15)

Altars:
Dithmenos


Innate Abilities, Weirdness & Mutations

You are too large for most types of armour.
You have claws for hands.
Your natural rate of healing is unusually fast.
You are covered in fur. (AC +1)
You have extremely tough skin. (AC +3)
You have a pair of small horns on your head.
You are partially covered in iridescent scales. (AC +2)
You are partially covered in rugged brown scales. (AC +1, +3% HP)
Scrolls take you a little longer to read.
Your body sometimes deteriorates upon taking damage.
You are frail. (-10% HP)
You sometimes yell uncontrollably at your foes.


Message History

You claw the orc!
You kill the orc!
The orc hits you but does no damage.
The orc throws a boomerang.
The boomerang misses you.
The weapon returns to the orc!
You bump into the rock wall.
The orc closely misses you.
The quokka bites you but does no damage.
The orc hits you but does no damage. Something hits you but does no damage.
You are too injured to fight recklessly!
The quokka bites you but does no damage.
The orc completely misses you. The orc closely misses you. Something hits you.
* * * LOW HITPOINT WARNING * * *
Unknown command.
You scratch the orc.
The orc is lightly wounded.
An orc wizard appears from thin air!
Reactivating autopickup.
The quokka barely misses you. The orc hits you but does no damage.
The orc hits you with a cursed -1 short sword.
You die...
Xom is highly amused!

##.#.......#......##
#...####.#)........##.
#..<# #.#.#......... #...#
#........#..##. #...#
###.#..†.......
#####...#####..........#
.................#..##.#..
................orl.$.><..
......†.......)o@o#.#..#..
####.[...####...#o#.# .#
#.###)# ##..#.).# # #. #.#
##.#..## #. #.# #.#..# ...
#..... ### ####.## .# ..


You could see an orc wizard, 3 orcs, a quokka and a frilled lizard.

Vanquished Creatures
  An orc wizard (D:3)
  Natasha (thrice) (D:2)
  A worker ant (D:2)
  Robin (D:2)
  3 adders (D:2)
  3 leopard geckos
  6 orcs (D:3)
  2 giant cockroaches
  15 goblins
  11 hobgoblins
  3 ball pythons
  5 bats
  3 frilled lizards (D:2)
  7 kobolds
  5 rats
69 creatures vanquished.

Notes
Turn   | Place    | Note
-------+----------+-------------------------------------------
     0 | D:1      | Descartes the Troll Chaos Knight began the quest for the
                  | Orb.
     0 | D:1      | Reached XP level 1. HP: 22/22 MP: 0/0
   159 | D:1      | XOM: silly message
   308 | D:1      | Reached XP level 2. HP: 29/29 MP: 1/1
   324 | D:1      | XOM: give mutations
   324 | D:1      | Gained mutation: You occasionally shout uncontrollably at
                  | your foes. [Xom's mischief]
   324 | D:1      | Gained mutation: You are partially covered in rugged brown
                  | scales. (AC +1, +3% HP) [Xom's mischief]
   324 | D:1      | Gained mutation: Scrolls take you a little longer to read.
                  | [Xom's mischief]
   324 | D:1      | Gained mutation: You sometimes yell uncontrollably at your
                  | foes. [Xom's mischief]
   325 | D:1      | XOM: 1-stop teleportation journey
   653 | D:1      | XOM: give mutations
   653 | D:1      | Gained mutation: Your body sometimes deteriorates upon
                  | taking damage. [Xom's mischief]
   653 | D:1      | Gained mutation: You have a pair of small horns on your
                  | head. [Xom's mischief]
   653 | D:1      | Gained mutation: You are frail. (-10% HP) [Xom's mischief]
   653 | D:1      | Gained mutation: You are partially covered in iridescent
                  | scales. (AC +2) [Xom's mischief]
   665 | D:1      | Found a shadowy altar of Dithmenos.
   750 | D:2      | Noticed Natasha
   756 | D:2      | Killed Natasha
   757 | D:2      | Reached XP level 3. HP: 33/33 MP: 2/2
   789 | D:2      | Reached skill level 4 in Unarmed Combat
   789 | D:2      | Reached XP level 4. HP: 23/40 MP: 3/3
   810 | D:2      | Noticed Natasha
   820 | D:2      | Killed Natasha
  1055 | D:2      | Noticed Natasha
  1063 | D:2      | Killed Natasha
  1064 | D:2      | Reached XP level 5. HP: 46/46 MP: 4/4
  1130 | D:2      | XOM: summons 3 hostile demons
  1172 | D:2      | Noticed Robin
  1193 | D:2      | Killed Robin
  1594 | D:3      | Reached skill level 5 in Unarmed Combat
  1620 | D:3      | HP: 2/46 [orc/+0 short sword (3)]
  1624 | D:3      | Slain by an orc

Illustrated notes

Levels and vault maps discovered:
D:1:      dpeg_arrival_lava_altar, layout_basic, chequers_serial_rivers_small_b
D:2:      layout_loops_ring, uniq_natasha, uniq_robin
D:3:      layout_loops_cross, chequers_serial_rivers_micro_c

Skill      XL: |  1  2  3  4  5 |
---------------+----------------+-----
Dodging        | 2 3 |  3.9
Unarmed Combat | 4 5 |  5.1
Fighting       | |  2.4

Action                   |  1- 3 |  4- 6 || total
-------------------------+-------+-------++-------
Melee: Unarmed           |    72 |   100 ||   172
       Headbutt          |     2 |    16 ||    18
       Punch             |       |     3 ||     3
 Stab: Sleeping          |     1 |       ||     1
Armor: Robe              |    43 |    58 ||   101
Dodge: Dodged            |    41 |    61 ||   102
